 Dungeon Crawl Stone Soup version 0.18.1-50-g88ac8fd (webtiles) character file.

122327 Peloso the Fencer (level 16, -2/151 HPs)
             Began as a Minotaur Fighter on Oct 1, 2016.
             Was the Champion of Okawaru.
             Killed from afar by a lich (28 damage)
             ... with a bolt of lightning
             ... on level 2 of the Abyss.
             The game lasted 01:42:54 (29078 turns).

Peloso the Fencer (Minotaur Fighter)               Turns: 29078, Time: 01:42:55

Health: -2/151     AC: 36    Str: 24    XL:     16   Next: 34%
Magic:  16/16      EV:  8    Int:  5    God:    Okawaru [******]
Gold:   2417       SH: 19    Dex: 14    Spells: 0 memorised, 15 levels left

rFire  + . .     SeeInvis +     Z - +8 double sword "Maudow" {venom, *Corrode rN++}
rCold  + . .     Gourm    .     N - +1 crystal plate armour
rNeg   + + .     Faith    .     x - +2 shield {rC+}
rPois  .         Spirit   .     b - +0 hat {SInv}
rElec  .         Dismiss  .     q - +1 cloak {MR+}
rCorr  .         Reflect  +     t - +2 pair of gloves of the Gusle {*Drain +Fly rF+ Slay+2}
SustAt .         Harm     .     I - +0 pair of boots {Fly}
MR     ++...                    D - +2 amulet of reflection
Stlth  ..........               m - +4 ring of slaying
                                j - +4 ring of protection

@: flying, non-regenerating, mildly diseased, very resistant to hostile
enchantments, extremely unstealthy
A: retaliatory headbutt, horns 2, slow regeneration 1
a: Heroism, Finesse, Renounce Religion, Stop Flying


You were on level 2 of the Abyss.
You worshipped Okawaru.
Okawaru was exalted by your worship.
You were not hungry.

You visited 5 branches of the dungeon, and saw 27 of its levels.
You visited the Abyss 1 time.
You also visited: Bailey and Ice Cave.

You collected 2604 gold pieces.
You spent 187 gold pieces at shops.

Inventory:

Hand Weapons
 c - the +4 dagger of Watchfulness {pierce, *Rage +Fly rF- Dex+8}
   (You found it on level 14 of the Dungeon)

   It inflicts extra damage upon your enemies.
   It affects your dexterity (+8).
   It makes you vulnerable to fire.
   It lets you fly.
   It may make you go berserk in combat.
 n - a +1 demon blade of freezing
 M - a +7 long sword
 P - a +4 scimitar of flaming
 Z - the +8 double sword "Maudow" (weapon) {venom, *Corrode rN++}
   (You acquired it on level 5 of the Lair of Beasts)

   It poisons the flesh of those it strikes.
   It greatly protects you from negative energy.
   It may corrode you when you take damage.
Armour
 b - a +0 hat of see invisible (worn)
 q - a +1 cloak of magic resistance (worn)
 t - the +2 pair of gloves of the Gusle (worn) {*Drain +Fly rF+ Slay+2}
   (Okawaru gifted it to you on level 8 of the Lair of Beasts)

   It affects your accuracy and damage with ranged weapons and melee attacks
   (+2).
   It protects you from fire.
   It lets you fly.
   It causes draining when unequipped.
 x - a +2 shield of cold resistance (worn)
 I - a +0 pair of boots of flying (worn)
 N - a +1 crystal plate armour (worn)
Jewellery
 j - a +4 ring of protection (left hand)
 m - a +4 ring of slaying (right hand)
 C - the ring "Ebops" {rCorr +Inv}
   (You found it on level 8 of the Dungeon)

   [ring of resist corrosion]

   It lets you turn invisible.
 D - a +2 amulet of reflection (around neck)
Wands
 y - a wand of disintegration (17/24)
 A - a wand of flame (21/48)
 Q - a wand of disintegration (9/24)
Scrolls
 h - 12 scrolls of remove curse
 k - 2 scrolls of blinking
 o - a scroll of enchant armour
 r - 9 scrolls of identify
 v - 2 scrolls of magic mapping
 E - a scroll of random uselessness
 F - a scroll of fog
 G - 2 scrolls of recharging
 J - 4 scrolls of teleportation
 K - a scroll of holy word
 O - 2 scrolls of fear
 S - 2 scrolls of amnesia
 T - a scroll of enchant weapon
Potions
 d - 4 potions of might
 e - 2 potions of agility
 g - 4 potions of resistance
 i - 5 potions of curing
 l - 3 potions of ambrosia
 s - a potion of cure mutation
 z - 2 potions of heal wounds
 B - a potion of haste
 L - 5 potions of berserk rage
 U - 2 potions of cancellation
Books
 H - a book of Geomancy

   Spells                             Type                      Level
   a - Sandblast                      Earth                        1
   b - Passwall                       Transmutation/Earth          2
   c - Stone Arrow                    Conjuration/Earth            3
   d - Petrify                        Transmutation/Earth          4
   e - Lee's Rapid Deconstruction     Earth                        5
 W - the Almanac of the Camelopard
   (You found it on level 2 of the Abyss)

   Spells                             Type                      Level
   a - Magic Dart                     Conjuration                  1
   b - Pain                           Necromancy                   1
   c - Mephitic Cloud                 Conjuration/Poison/Air       3
   d - Animate Dead                   Necromancy                   4
   e - Conjure Ball Lightning         Conjuration/Air              6
 X - a Young Poisoner's Handbook

   Spells                             Type                      Level
   a - Sting                          Conjuration/Poison           1
   b - Cure Poison                    Poison                       2
   c - Mephitic Cloud                 Conjuration/Poison/Air       3
   d - Olgreb's Toxic Radiance        Poison                       4
   e - Venom Bolt                     Conjuration/Poison           5
Comestibles
 f - 16 bread rations
 p - 25 beef jerkies
 u - 13 fruits
 w - 14 slices of pizza
 R - 13 meat rations


   Skills:
 + Level 15.9 Fighting
 + Level 19.5 Long Blades
   Level 1.3 Maces & Flails
 + Level 14.7 Armour
 + Level 5.1 Dodging
 + Level 1.1 Stealth
 + Level 17.1 Shields
 + Level 2.2 Invocations
 + Level 0.6 Evocations


You had 15 spell levels left.
You didn't know any spells.

Dungeon Overview and Level Annotations

Branches:
Dungeon (15/15)            Temple (0/1) D:5            Lair (8/8) D:11
  Swamp (1/4) Lair:4       Spider (0/4) Lair:5        Slime (0/6) Lair:7
    Orc (2/2) D:11            Elf (1/3) Orc:2        Vaults (0/5) D:13
 Depths (0/5) D:15

Altars:
Ashenzari
Dithmenos
Gozag
Kikubaaqudgha
Makhleb
Okawaru
Ru
Sif Muna
Trog
Xom
Yredelemnul
Beogh

Shops:
D:4 *   D:6 =   D:7 !   Orc:2 *((!


Innate Abilities, Weirdness & Mutations

You reflexively headbutt those who attack you in melee.
You have a pair of horns on your head.
[You regenerate slowly when monsters are visible.]


Message History

You slice the ynoxinul!!
The ynoxinul is poisoned.
The ynoxinul is severely wounded.
You block the ufetubus's attack. x2
You slash the ynoxinul!
You kill the ynoxinul!
Okawaru accepts your kill.
The ufetubus disappears in a puff of smoke! x4
Unknown command.
Unknown command.
You now have 2417 gold pieces (gained 25).
A lich comes into view.
You see here 12 gold pieces.
The lich shouts!
The lich conjures an orb of pure magic.
An orb of destruction comes into view.
The wavering orb of destruction hits you!
* * * LOW HITPOINT WARNING * * *
The lich casts a spell at you. The bolt of lightning hits you!
You die...

....#.......#
#.#...#....#
####..#....# .#
#..#.#..#.#......
#...#..#...#...§#
####..#$#..##...#.#
#.......##...#..#
##.............##
#....#.@§.#...#
#.....##.L#..#...
##....#.#.....#. .
#..##.....####..
#..#.. .#..#.# .
###.....#.#.... #.
#.. ..#.###### ##.
.#.#. . .## #... .#
.


You could see a lich.

Vanquished Creatures
  An orc warlord (Orc:2)
  Azrael (D:12)
  Nessos (Lair:8)
  Snorg (D:10)
  An eidolon (Abyss:2)
  Erolcha (D:12)
  A fire dragon (Lair:8)
  The ghost of Peloso the Blocker, a journeyman MiFi of Okawaru (Lair:1)
  7 hydras
  2 death knights
  2 centaur warriors
  The ghost of Aramant the Protected, a novice MiFi of Okawaru (Elf:1)
  3 dancing weapons
  An ogre mage (D:14)
  A tengu warrior (D:14)
  3 death yaks (Lair:6)
  4 orc high priests (Orc:2)
  A vampire mage (Abyss:2)
  A thrashing horror (Abyss:2)
  A queen ant (Lair:6)
  Sonja (Lair:3)
  A sun demon (Abyss:2)
  3 skeletal warriors
  Nergalle (Lair:3)
  2 wretched stars (Abyss:2)
  A spatial maelstrom (Abyss:2)
  2 unseen horrors
  A flayed ghost (D:15)
  A phantasmal warrior (D:12)
  A deep elf archer (Elf:1)
  8 orc knights
  9 hill giants
  A necromancer (D:15)
  4 deep elf magi
  A stone giant zombie (D:15)
  3 orc sorcerers (Orc:2)
  A griffon (Lair:8)
  4 cyclopes
  A worldbinder (Abyss:2)
  A frost giant zombie (D:15)
  14 elephants
  2 ice statues (IceCv)
  6 black mambas
  2 orange demons (Abyss:2)
  3 torpor snails
  A gargoyle (D:6)
  5 smoke demons (Abyss:2)
  11 spiny frogs
  A spriggan zombie (D:15)
  7 rime drakes
  A yaktaur (D:15)
  An efreet (D:15)
  10 komodo dragons
  2 tengu conjurers (D:15)
  A guardian mummy (D:15)
  9 ice devils (IceCv)
  An ancient zyme (Abyss:2)
  A kobold demonologist (D:13)
  An entropy weaver zombie (D:15)
  The ghost of Fiskpinne the Firebug, a novice TeFE (D:5)
  6 trolls
  10 polar bears
  6 two-headed ogres
  A red devil (Abyss:2)
  2 boulder beetles
  8 raiju
  21 blink frogs
  A hornet zombie (D:15)
  5 wraiths
  12 slime creatures
  5 large abominations (Abyss:2)
  A spriggan (D:10)
  A water elemental (Elf:1)
  2 ynoxinuls (Abyss:2)
  3 basilisks
  28 yaks
  Eustachio (D:4)
  3 vampire mosquitoes (Lair:4)
  8 hippogriffs
  2 fire elementals (D:12)
  5 steam dragons
  5 hungry ghosts
  2 chaos spawn (Abyss:2)
  3 mottled dragons
  An insubstantial wisp (Abyss:2)
  10 wargs
  13 water moccasins
  9 hell hounds
  20 soldier ants (Lair:6)
  2 small abominations (Abyss:2)
  13 porcupines
  Purgy (D:3)
  4 wasps
  4 sky beasts
  53 orc warriors
  A phantom (D:4)
  16 black bears
  20 wolves
  A necrophage (D:11)
  17 ogres
  2 eyes of draining
  9 centaurs
  19 crocodiles
  A big kobold (shapeshifter) (D:13)
  3 big kobolds
  26 giant frogs
  A wyvern zombie (D:14)
  An earth elemental (Elf:1)
  2 wyvern skeletons
  5 scorpions
  7 killer bees
  5 wights
  3 howler monkeys (D:7)
  2 electric eels (Lair:1)
  A lava snake (Lair:5)
  A wasp zombie (D:14)
  6 crimson imps
  2 quasits
  23 hounds
  5 centaur zombies
  39 orc priests
  A starcursed mass (Abyss:2)
  5 jellies
  2 giant frog skeletons
  3 centaur skeletons
  2 iron imps (Abyss:2)
  13 iguanas
  Natasha (thrice) (D:2)
  28 orc wizards
  27 worker ants
  Ijyb (D:2)
  21 sheep
  A worker ant zombie (D:10)
  4 gnolls (D:7)
  Robin (D:3)
  51 river rats
  15 adders
  A shadow imp (D:5)
  15 white imps
  10 ufetubi
  3 oozes
  2 adder skeletons
  A worm (D:2)
  A dart slug (D:3)
  3 giant geckos
  135 orcs
  2 ball pythons
  4 giant cockroaches
  4 hobgoblins
  17 jackals
  15 kobolds
  3 quokkas
  7 bats
  A giant gecko skeleton (D:4)
  A giant newt (D:6)
  18 goblins
  A jackal skeleton (D:6)
  8 rats
  3 bushes
  A fungus (Lair:6)
  5 plants
1090 creatures vanquished.

Vanquished Creatures (others)
  2 orc warriors (Bailey)
  2 centaurs (D:14)
  An orc priest (Orc:2)
  An orc wizard (D:8)
  5 white imps (IceCv)
  2 ufetubi (IceCv)
  9 orcs
  A kobold (D:12)
  10 bushes
  21 fungi
  16 plants
70 creatures vanquished.

Grand Total: 1160 creatures vanquished

Notes
Turn   | Place    | Note
--------------------------------------------------------------
     0 | D:1      | Peloso the Minotaur Fighter began the quest for the Orb.
     0 | D:1      | Reached XP level 1. HP: 19/19 MP: 0/0
   108 | D:1      | Reached XP level 2. HP: 27/27 MP: 1/1
   686 | D:2      | Found a shattered altar of Ashenzari.
   710 | D:2      | Reached XP level 3. HP: 27/33 MP: 2/2
   730 | D:2      | Found a shimmering altar of Xom.
   737 | D:2      | Noticed Natasha
   746 | D:2      | Killed Natasha
   880 | D:2      | Noticed Ijyb
   896 | D:2      | Killed Ijyb
   896 | D:2      | Reached XP level 4. HP: 31/41 MP: 3/3
   999 | D:2      | Reached skill level 3 in Long Blades
  1050 | D:2      | Found a faded altar to an unknown god.
  1080 | D:2      | Found an opulent altar of Gozag.
  1194 | D:2      | Noticed Natasha
  1196 | D:2      | Killed Natasha
  1196 | D:2      | Reached XP level 5. HP: 47/47 MP: 4/4
  1474 | D:2      | Noticed Natasha
  1487 | D:2      | Killed Natasha
  1487 | D:2      | Reached skill level 1 in Dodging
  1637 | D:3      | Noticed Purgy
  1644 | D:3      | Killed Purgy
  1644 | D:3      | Reached skill level 4 in Long Blades
  1644 | D:3      | Reached skill level 5 in Armour
  1644 | D:3      | Reached skill level 5 in Shields
  1644 | D:3      | Reached XP level 6. HP: 53/53 MP: 5/5
  1806 | D:3      | Noticed Robin
  1821 | D:3      | Killed Robin
  2227 | D:4      | Found Noyrr's Assorted Antiques.
  2249 | D:4      | Bought an embroidered cloak for 117 gold pieces
  2291 | D:4      | Noticed Eustachio
  2301 | D:4      | Killed Eustachio
  2392 | D:4      | Found an iron altar of Okawaru.
  2418 | D:4      | Became a worshipper of Warmaster Okawaru
  2525 | D:4      | Reached XP level 7. HP: 60/60 MP: 6/6
  2540 | D:4      | Reached skill level 5 in Fighting
  2651 | D:4      | Found an ancient bone altar of Kikubaaqudgha.
  2728 | D:4      | Reached skill level 5 in Long Blades
  3217 | D:5      | Entered Level 5 of the Dungeon
  3418 | D:5      | Noticed Fiskpinne's ghost (novice TeFE)
  3430 | D:5      | Killed Fiskpinne's ghost
  3430 | D:5      | Reached * piety under Okawaru
  3430 | D:5      | Reached XP level 8. HP: 38/69 MP: 7/7
  3840 | D:5      | Found a bloodstained altar of Trog.
  3894 | D:5      | Found a staircase to the Ecumenical Temple.
  4220 | D:6      | Reached skill level 6 in Long Blades
  4322 | D:6      | Found a basalt altar of Yredelemnul.
  4373 | D:6      | Reached ** piety under Okawaru
  4385 | D:6      | Found Axijisch's Jewellery Shop.
  4830 | D:7      | Reached skill level 7 in Long Blades
  4935 | D:7      | Found an iron altar of Okawaru.
  4951 | D:7      | Noticed a gargoyle
  4973 | D:6      | Killed a gargoyle
  4973 | D:6      | Reached XP level 9. HP: 66/78 MP: 5/8
  5096 | D:7      | Found a sacrificial altar of Ru.
  5111 | D:7      | Found Doinaome's Distillery.
  5330 | D:7      | Reached skill level 5 in Dodging
  5502 | D:8      | Found a flagged portal.
  5693 | D:8      | Reached skill level 8 in Long Blades
  5830 | Bailey   | Entered a bailey
  5873 | Bailey   | Reached skill level 1 in Stealth
  6007 | Bailey   | Found a roughly hewn altar of Beogh.
  6007 | Bailey   | Noticed an orc knight
  6031 | Bailey   | Killed an orc knight
  6031 | Bailey   | Reached *** piety under Okawaru
  6333 | Bailey   | Reached XP level 10. HP: 86/88 MP: 7/9
  6349 | Bailey   | Identified a scroll of acquirement
  6823 | D:8      | Reached skill level 10 in Shields
  6885 | D:8      | Got a vibrating amber ring
  6887 | D:8      | Identified the ring "Ebops" {rCorr +Inv} (You found it on level 8 of the Dungeon)
  6921 | D:8      | Noticed a hill giant
  6929 | D:8      | Killed a hill giant
  6929 | D:8      | Reached skill level 9 in Long Blades
  6941 | D:8      | Reached **** piety under Okawaru
  7285 | D:9      | Reached skill level 1 in Invocations
  7373 | D:9      | Found a burning altar of Makhleb.
  8073 | D:10     | Entered Level 10 of the Dungeon
  8073 | D:10     | Noticed a hill giant
  8084 | D:10     | Killed a hill giant
  8084 | D:10     | Reached ***** piety under Okawaru
  8106 | D:10     | Noticed a hill giant
  8114 | D:10     | Killed a hill giant
  8165 | D:10     | Received a gift from Okawaru
  8165 | D:10     | Reached skill level 10 in Long Blades
  8301 | D:10     | Noticed a hill giant
  8314 | D:10     | Killed a hill giant
  8314 | D:10     | Reached XP level 11. HP: 91/95 MP: 10/10
  8497 | D:10     | Noticed Snorg
  8521 | D:10     | Killed Snorg
  8521 | D:10     | Reached skill level 10 in Armour
  8762 | D:10     | Noticed a hill giant
  8773 | D:10     | Killed a hill giant
  9113 | D:11     | Found a staircase to the Lair.
  9179 | D:11     | Found a staircase to the Orcish Mines.
  9296 | D:11     | Found a roughly hewn altar of Beogh.
  9328 | D:11     | Reached skill level 11 in Long Blades
  9394 | D:11     | Noticed a hill giant
  9403 | D:11     | Killed a hill giant
 10162 | Lair:1   | Entered Level 1 of the Lair of Beasts
 10224 | Lair:1   | Reached skill level 10 in Fighting
 10346 | Lair:1   | Received a gift from Okawaru
 10354 | Lair:1   | Got an ebony great sword {god gift}
 10364 | Lair:1   | Identified the +1 great sword of Law {speed, rElec Int+3} (Okawaru gifted it to you on level 1 of the Lair of Beasts)
 10442 | Lair:1   | Noticed Peloso's ghost (journeyman MiFi)
 10453 | Lair:1   | Killed Peloso's ghost
 11049 | Lair:1   | Reached XP level 12. HP: 104/106 MP: 11/11
 11538 | Lair:2   | Noticed a six-headed hydra
 11550 | Lair:2   | Killed a six-headed hydra
 11550 | Lair:2   | Reached skill level 12 in Long Blades
 11691 | Lair:3   | Noticed Nergalle
 11699 | Lair:3   | Killed Nergalle
 11890 | Lair:3   | Received a gift from Okawaru
 11939 | Lair:3   | Noticed Sonja
 11943 | Lair:3   | Killed Sonja
 12526 | Lair:4   | Noticed a four-headed hydra
 12536 | Lair:4   | Killed a four-headed hydra
 12768 | Lair:4   | Reached skill level 13 in Long Blades
 12779 | Lair:4   | Reached skill level 1 in Maces & Flails
 13281 | Lair:4   | Found a staircase to the Swamp.
 13575 | Lair:4   | Reached XP level 13. HP: 68/118 MP: 13/13
 14232 | Lair:5   | Got a twisted double sword
 14233 | Lair:5   | Identified the +8 double sword "Maudow" {venom, *Corrode rN++} (You acquired it on level 5 of the Lair of Beasts)
 14245 | Lair:5   | Found a hole to the Spider Nest.
 14705 | Lair:5   | Received a gift from Okawaru
 14829 | Lair:6   | Reached ****** piety under Okawaru
 14879 | Lair:6   | Reached skill level 14 in Long Blades
 15147 | Lair:6   | Received a gift from Okawaru
 15164 | Lair:6   | Got a polished great sword {god gift}
 15170 | Lair:6   | Identified the +2 great sword of Okawaru's Displeasure {drain, Int+4 Stlth+} (Okawaru gifted it to you on level 6 of the Lair of Beasts)
 15448 | Lair:6   | Reached skill level 15 in Long Blades
 15728 | Lair:6   | Received a gift from Okawaru
 16095 | Lair:7   | Found a staircase to the Slime Pits.
 16184 | Lair:7   | Got a faintly glowing flail
 16185 | Lair:7   | Identified the +6 flail "Onigux" {antimagic, Int+4} (You found it on level 7 of the Lair of Beasts)
 16285 | Lair:7   | Reached XP level 14. HP: 80/129 MP: 14/14
 16431 | Lair:7   | Received a gift from Okawaru
 16642 | Lair:8   | Entered Level 8 of the Lair of Beasts
 16687 | Lair:8   | HP: 5/129 [elephant (2)]
 17031 | Lair:8   | Reached skill level 16 in Long Blades
 17391 | Lair:8   | Received a gift from Okawaru
 17408 | Lair:8   | Got a pair of encrusted gloves {god gift}
 17447 | Lair:8   | Identified the +2 pair of gloves of the Gusle {*Drain +Fly rF+ Slay+2} (Okawaru gifted it to you on level 8 of the Lair of Beasts)
 17853 | Lair:8   | Noticed Nessos
 17869 | Lair:8   | Killed Nessos
 18161 | Lair:8   | Reached skill level 15 in Shields
 18182 | Lair:8   | Found a shadowy altar of Dithmenos.
 18414 | Lair:8   | Reached skill level 17 in Long Blades
 19235 | Orc:1    | Entered Level 1 of the Orcish Mines
 19358 | Orc:1    | Found a roughly hewn altar of Beogh.
 19677 | Orc:2    | Entered Level 2 of the Orcish Mines
 19944 | Orc:2    | Found a roughly hewn altar of Beogh.
 20068 | Orc:2    | Found Efoamom's Antique Weapon Emporium.
 20085 | Orc:2    | Found Magecu's General Store.
 20112 | Orc:2    | Received a gift from Okawaru
 20499 | Orc:2    | Reached XP level 15. HP: 115/139 MP: 15/15
 20534 | Orc:2    | Found a staircase to the Elven Halls.
 20914 | Orc:2    | Found Ukiusm Moela's Distillery.
 20925 | Orc:2    | Noticed an orc warlord
 20943 | Orc:2    | Killed an orc warlord
 21609 | Orc:2    | Found a roughly hewn altar of Beogh.
 21625 | Orc:2    | Found Zaxzugg's Antique Weapon Emporium.
 21653 | Orc:2    | Bought a runed long sword for 70 gold pieces
 21682 | Orc:2    | Received a gift from Okawaru
 22425 | Swamp:1  | Entered Level 1 of the Swamp
 22763 | D:12     | Noticed Azrael
 22776 | D:12     | Killed Azrael
 22776 | D:12     | Reached skill level 18 in Long Blades
 22852 | D:12     | Found a frozen archway.
 22887 | IceCv    | Entered an ice cave
 24252 | D:12     | Noticed Erolcha
 24259 | D:12     | Killed Erolcha
 24852 | D:13     | Reached skill level 15 in Fighting
 25058 | D:13     | Found a gate to the Vaults.
 25557 | D:14     | Got a pitted dagger
 25564 | D:14     | Identified the +4 dagger of Watchfulness {pierce, *Rage +Fly rF- Dex+8} (You found it on level 14 of the Dungeon)
 25958 | D:14     | Found a deep blue altar of Sif Muna.
 26409 | D:15     | Entered Level 15 of the Dungeon
 26502 | D:14     | Received a gift from Okawaru
 26871 | D:15     | Found a bloodstained altar of Trog.
 26976 | D:15     | Found a staircase to the Depths.
 27072 | D:15     | Reached skill level 19 in Long Blades
 27078 | D:15     | Reached XP level 16. HP: 99/149 MP: 5/16
 28195 | Elf:1    | Entered Level 1 of the Elven Halls
 28215 | Elf:1    | Noticed Aramant's ghost (novice MiFi)
 28239 | Elf:1    | Killed Aramant's ghost
 28317 | Elf:1    | Cast into level 2 of the Abyss (halberd of distortion)
 28329 | Abyss:2  | Identified the Almanac of the Camelopard
 28607 | Abyss:2  | Found an iron altar of Okawaru.
 28634 | Abyss:2  | Found a corrupted altar of Lugonu.
 28829 | Abyss:2  | Found a sacrificial altar of Ru.
 28846 | Abyss:2  | Found a sacrificial altar of Ru.
 28923 | Abyss:2  | Found a corrupted altar of Lugonu.
 28972 | Abyss:2  | Found a corrupted altar of Lugonu.
 28973 | Abyss:2  | Paralysed by accursed screaming for 2 turns
 29076 | Abyss:2  | Noticed a lich
 29078 | Abyss:2  | Killed from afar by a lich

Skill      XL: |  1  2  3  4  5  6  7  8  9 10 11 12 13 14 15 16 |
---------------+-------------------------------------------------+-----
Armour         | 4 5 6 7 8 9 10 11 12 13 14 | 14.7
Shields        | 4 5 6 7 9 11 13 14 15 16 17 | 17.1
Fighting       | 4 5 6 7 8 10 12 13 14 15 | 15.9
Long Blades    | 3 4 5 7 8 10 11 13 15 17 19 | 19.5
Dodging        | 1 2 4 5 |  5.1
Stealth        | 1 |  1.1
Invocations    | 1 2 |  2.2
Maces & Flails | 1 |  1.3
Evocations     | |  0.6

Action                   |  1- 3 |  4- 6 |  7- 9 | 10-12 | 13-15 | 16-18 || total
-------------------------+-------+-------+-------+-------+-------+-------++-------
Melee: Long sword        |    59 |   115 |   259 |   461 |       |       ||   894
       Headbutt          |     8 |     8 |    49 |   155 |   351 |    46 ||   617
       Great sword       |       |       |       |   247 |    25 |       ||   272
       Whip              |       |       |       |    13 |    23 |       ||    36
       Double sword      |       |       |       |       |  1377 |   154 ||  1531
       Scimitar          |       |       |       |       |    66 |     7 ||    73
Invok: Heroism           |       |       |     3 |     9 |     2 |       ||    14
Evoke: Wand              |       |       |     2 |       |       |     1 ||     3
  Use: Scroll            |       |     9 |     5 |    12 |    12 |     2 ||    40
       Potion            |       |       |     1 |       |     5 |     1 ||     7
  Eat: Chunk             |       |     5 |    12 |    29 |    42 |     4 ||    92
       Royal jelly       |       |       |       |       |     1 |     1 ||     2
       Fruit             |       |       |       |       |     1 |       ||     1
Armor: Scale mail        |    18 |    69 |    12 |       |       |       ||    99
       Plate armour      |       |       |    94 |       |       |       ||    94
       Chain mail        |       |       |     7 |       |       |       ||     7
       Crystal plate arm |       |       |    16 |   544 |  1048 |    62 ||  1670
Dodge: Dodged            |    18 |    46 |    48 |   200 |   387 |    33 ||   732
Block: Shield            |    33 |    84 |   202 |   407 |   753 |   149 ||  1628
       Reflection        |       |       |    18 |    28 |    34 |    18 ||    98
       Other             |       |       |       |    14 |    36 |       ||    50
